AoeStats
← sir-pikoro

Glade

510435573Analyzed
1v1 RM · 2d ago on Oct 1, 2026· 38m 41s· 2 players
Game mode
Random Map
Map size
Tiny (2 player)
Population
200
Speed
Normal
Resources
Standard
Victory
Conquest
Starting age
Dark Age
Ending age
Imperial Age
RankedLock teamsTeams togetherTeam positionsShared explorationLock speedFull tech treeHidden civsTurbo modeCheats
Victory
Defeat
🇨🇴 Britons · Colombia
1126
+15
🇺🇸 Wu · United States
1108
-15
CruizinMax
7:23 Loom
9:53 Feudal Age
11:17 Double-Bit Axe
11:14 Horse Collar
18:06 Castle Age
16:23 Stone Mining
20:08 Bow Saw
20:01 Heavy Plow
23:42 Town Watch
24:23 Fletching
24:34 Padded Archer Armor
27:32 Bodkin Arrow
30:54 Leather Archer Armor
33:41 Wheelbarrow
33:28 Scale Barding Armor
37:19 Imperial Age
35:24 Forging
36:51 Gold Mining
37:26 Scale Mail Armor
sir-pikoro
6:24 Loom
9:19 Feudal Age
9:56 Double-Bit Axe
9:54 Horse Collar
16:30 Wheelbarrow
21:07 Castle Age
19:56 Fletching
20:07 Padded Archer Armor
21:59 Crossbowman
22:44 Bodkin Arrow
34:05 Imperial Age
31:52 Heavy Plow
33:09 Hand Cart
33:06 Gold Mining
33:12 Stone Mining
34:47 Bow Saw
35:59 Bracer
36:15 Leather Archer Armor
37:16 Ballistics
38:26 Two-Man Saw
39:24 Yeomen
Connection lost

Rejoining the realm…

Still unreachable

The connection could not be restored.

Session expired

The server has moved on; the page needs a fresh start.